 Dungeon Crawl Stone Soup version 0.20-b1-18-gaa2fd62 (webtiles) character file.

2368 ihor1010 the Carver (level 9, -2/74 HPs)
             Began as a Barachi Fighter on May 24, 2017.
             Was a Believer of Ru.
             Slain by a killer bee (3 damage)
             ... on level 7 of the Dungeon.
             The game lasted 00:34:44 (6912 turns).

ihor1010 the Carver (Barachi Fighter)               Turns: 6912, Time: 00:34:44

Health: -2/74      AC: 16    Str: 27      XL:     9   Next: 44%
Magic:  9/9        EV: 10    Int:  8      God:    Ru [**....]
Gold:   430        SH: 10    Dex: 15 (18) Spells: 8/8 levels left

rFire    . . .     SeeInvis +   S - +1 long sword (slice)
rCold    . . .     Gourm    .   c - +0 shield
rNeg     . . .     Faith    .   w - +0 plate armour
rPois    .         Spirit   .   (no helmet)
rElec    .         Reflect  .   U - +0 cloak
rCorr    .         Harm     .   (no gloves)
MR       ++...                  Q - +0 pair of boots
Stlth    ..........             (no amulet)
Regen    0.3/turn               Z - ring of protection from magic
MPRegen  0.2/turn               v - ring of see invisible

@: mighty, agile, lethally poisoned (-2 -> -12), slow
A: +LOS, swims, magic resistance 1, slowness 1, strong 1, no fire magic, no
translocations magic, no transmutations magic, missing an eye, strong legs 1
a: Hop, Renounce Religion


You were on level 7 of the Dungeon.
You worshipped Ru.
Ru was pleased with you.
You were not hungry.

You visited 2 branches of the dungeon, and saw 9 of its levels.
You also visited: Sewer.

You collected 430 gold pieces.

Inventory:

Hand Weapons
 a - a +0 long sword
 q - a +1 dagger of speed
 D - a -3 hand axe
 I - a +1 flail of protection
 R - a +0 dagger of electrocution
 S - a +1 long sword of slicing (weapon)
 V - the +3 mace of the Radish {venom, *Drain +Inv rN++ Dex+2}
   (You found it on level 7 of the Dungeon)

   It poisons the flesh of those it strikes.
   It affects your dexterity (+2).
   It greatly protects you from negative energy.
   It lets you turn invisible.
   It causes draining when unequipped.
 W - a cursed -3 mace
Missiles
 u - 146 stones (quivered)
Armour
 b - a +0 scale mail
 c - a +0 shield (worn)
 w - a +0 plate armour (worn)
 Q - a +0 pair of boots (worn)
 U - a +0 cloak (worn)
Jewellery
 p - an uncursed ring of resist corrosion
 v - a ring of see invisible (right hand)
 A - an uncursed ring of ice
 K - an uncursed ring of positive energy
 L - an uncursed ring of fire
 Z - a ring of protection from magic (left hand)
Wands
 f - a wand of random effects (13/48)
 x - a wand of acid (0/15)
 P - a wand of lightning (4/15)
Scrolls
 e - 4 scrolls of identify
 h - a scroll of teleportation
 l - a scroll of torment {unknown}
 m - a scroll of noise {unknown}
 n - 3 scrolls of recharging {unknown}
 s - 2 scrolls of enchant armour {unknown}
 y - a scroll of fear {unknown}
 z - a scroll of random uselessness {unknown}
 B - a scroll of immolation {unknown}
 C - 3 scrolls of blinking {unknown}
 F - 2 scrolls of vulnerability {unknown}
 G - a scroll of amnesia {unknown}
 M - a scroll of remove curse
 N - a scroll of enchant weapon {unknown}
Potions
 d - a potion of might
 i - a potion of invisibility {unknown}
 j - 2 potions of brilliance {unknown}
 k - 2 potions of agility
 o - a potion of cancellation {unknown}
 t - 2 potions of magic
 O - a potion of heal wounds {unknown}
Books
 T - a book of Alchemy

   Spells                             Type                      Level
   a - Sublimation of Blood           Necromancy                   2
   b - Ignite Poison                  Fire/Transmutation/Poison    3
   c - Petrify                        Transmutation/Earth          4
   d - Alistair's Intoxication        Transmutation/Poison         5
   e - Irradiate                      Conjuration/Transmutation    5
 Y - a book of Callings

   Spells                             Type                      Level
   a - Summon Small Mammal            Summoning                    1
   b - Call Imp                       Summoning                    2
   c - Call Canine Familiar           Summoning                    3
   d - Summon Guardian Golem          Hexes/Summoning              3
   e - Summon Lightning Spire         Summoning/Air                4
   f - Summon Ice Beast               Ice/Summoning                4
Comestibles
 r - 3 meat rations
 E - 2 fruits
 H - 2 bread rations
 X - a chunk of flesh


   Skills:
 * Level 8.3 Fighting
 + Level 9.7 Long Blades
 + Level 9.1 Armour
 - Level 4.0 Shields
 + Level 0.2 Evocations


You had 8 spell levels left.
You didn't know any spells.

Dungeon Overview and Level Annotations

Branches:
Dungeon (8/15)             Temple (1/1) D:4
   Lair: D:8-11

Altars:
Ashenzari
Cheibriados
Dithmenos
Elyvilon
Fedhas
Gozag
Hepliaklqana
Kikubaaqudgha
Makhleb
Nemelex Xobeh
Okawaru
Qazlal
Ru
Sif Muna
Trog
Uskayaw
Vehumet
Xom
Yredelemnul
Zin
The Shining One


Innate Abilities, Weirdness & Mutations

Shadows flee at your approach. (+LOS)
You can swim through water.
You cover ground slowly.
You cannot study or cast Fire magic.
You cannot study or cast Translocations magic.
You cannot study or cast Transmutations magic.
You are missing an eye, making it more difficult to aim.
You can hop short distances.
You are resistant to hostile enchantments. (MR+)
Your muscles are strong. (Str +2)


Message History

The killer bee stings you but does no damage.
You miss the killer bee.
The killer bee is heavily wounded.
You feel sick. The killer bee stings you.
* * * LOW HITPOINT WARNING * * *
You are more poisoned.
The killer bee poisons you! The killer bee closely misses you.
The killer bee stings you but does no damage.
The killer bee barely misses you. x2
You miss the killer bee.
The killer bee is heavily wounded.
* * * LOW HITPOINT WARNING * * *
You feel sick. You block the killer bee's attack.
You redirect the killer bee's attack!
The killer bee completely misses itself.
You hit the killer bee.
The killer bee is almost dead.
* * * LOW HITPOINT WARNING * * *
You feel sick.
The killer bee is no longer blind.
The killer bee stings you.
You die...

#......#...#......###
#########'##........#
#....#....#........#
#....#....#........#
#....#....#........#
#....#..<.#........#
#...#######.........
#..y#...............
#..@y...............
######...............
#..................>.
#...........########.
#...........#......#.
#...........'......#.
#...........#......#.
#############......#.
#.......#.


You could see 2 killer bees.

Vanquished Creatures
  A two-headed ogre (D:8)
  A hippogriff (D:7)
  The ghost of potatolord6000 the Twirler, an amateur DsGl (Sewer)
  An ice beast (D:5)
  An orc warrior (D:6)
  A centaur (D:6)
  2 ogres (D:5)
  2 bullfrogs (D:6)
  4 scorpions
  A crimson imp (D:8)
  A quasit (D:8)
  Crazy Yiuf (D:7)
  2 orc priests (D:7)
  A centaur skeleton (D:5)
  2 orc wizards (D:6)
  3 iguanas
  5 worker ants
  A hound zombie (D:5)
  3 gnolls (D:6)
  11 adders
  An ooze (D:3)
  2 adder skeletons
  4 worms
  A dart slug (D:2)
  2 leopard geckos
  10 orcs
  8 bats
  A giant cockroach (D:2)
  14 goblins
  13 hobgoblins
  8 jackals
  12 kobolds
  4 quokkas
  8 ball pythons
  3 frilled lizards
  9 rats
  A bush (D:7)
  A plant (Sewer)
147 creatures vanquished.

Vanquished Creatures (others)
  3 plants (Sewer)
3 creatures vanquished.

Grand Total: 150 creatures vanquished

Notes
Turn   | Place    | Note
-------+----------+-------------------------------------------
     0 | D:1      | ihor1010 the Barachi Fighter began the quest for the Orb.
     0 | D:1      | Reached XP level 1. HP: 18/18 MP: 1/1
   115 | D:1      | Reached XP level 2. HP: 18/25 MP: 2/2
   530 | D:2      | Reached XP level 3. HP: 29/30 MP: 3/3
   708 | D:2      | Reached XP level 4. HP: 29/38 MP: 4/4
  1440 | D:3      | Reached XP level 5. HP: 43/43 MP: 5/5
  1912 | D:4      | Found a staircase to the Ecumenical Temple.
  1918 | Temple   | Entered the Ecumenical Temple
  2084 | Temple   | Became a worshipper of Ru the Awakened
  2563 | D:4      | Reached skill level 5 in Long Blades
  2757 | D:5      | Entered Level 5 of the Dungeon
  2758 | D:5      | Found a glowing drain.
  2774 | D:5      | Reached XP level 6. HP: 17/50 MP: 6/6
  2921 | D:5      | Reached skill level 5 in Armour
  2981 | Sewer    | Entered a sewer
  3047 | Sewer    | Noticed potatolord6000's ghost (amateur DsGl)
  3063 | Sewer    | Killed potatolord6000's ghost
  3063 | Sewer    | Reached skill level 5 in Fighting
  3063 | Sewer    | HP: 1/51 [adder (3)]
  3383 | Sewer    | Reached XP level 7. HP: 53/56 MP: 7/7
  3887 | D:5      | Gained mutation: You cannot study or cast Fire magic. [Ru sacrifice]
  3887 | D:5      | Gained mutation: You cannot study or cast Transmutations magic. [Ru sacrifice]
  3887 | D:5      | Gained mutation: You cannot study or cast Translocations magic. [Ru sacrifice]
  3887 | D:5      | Reached * piety under Ru
  5118 | D:5      | Reached XP level 8. HP: 59/63 MP: 8/8
  5943 | D:7      | Found a burning altar of Makhleb.
  5947 | D:7      | Found a hazy altar of Hepliaklqana.
  5948 | D:7      | Found an iron altar of Okawaru.
  5991 | D:7      | Gained mutation: You are missing an eye, making it more difficult to aim. [Ru sacrifice]
  5991 | D:7      | Reached ** piety under Ru
  6051 | D:7      | Found an opulent altar of Gozag.
  6460 | D:7      | Noticed a hippogriff
  6657 | D:7      | Killed a hippogriff
  6724 | D:7      | Found a runed door.
  6728 | D:7      | Noticed Crazy Yiuf
  6733 | D:7      | Killed Crazy Yiuf
  6733 | D:7      | Reached XP level 9. HP: 58/72 MP: 9/9
  6738 | D:7      | Got a smoking mace
  6746 | D:7      | Identified the +3 mace of the Radish {venom, *Drain +Inv rN++ Dex+2} (You found it on level 7 of the Dungeon)
  6778 | D:8      | Noticed a two-headed ogre
  6783 | D:8      | Killed a two-headed ogre
  6904 | D:7      | Gained mutation: Your muscles are strong. (Str +2) [potion of mutation]
  6904 | D:7      | Gained mutation: You are resistant to hostile enchantments. (MR+) [potion of mutation]
  6911 | D:7      | HP: 3/74 [poisoned by a killer bee]
  6912 | D:7      | HP: 1/74 [poisoned by a killer bee]
  6912 | D:7      | Slain by a killer bee

Skill      XL: |  1  2  3  4  5  6  7  8  9 |
---------------+----------------------------+-----
Fighting       | 4 5 7 8 |  8.3
Armour         | 4 5 7 8 9 |  9.1
Long Blades    | 3 4 5 7 8 9 |  9.7
Shields        | 4 |  4.0
Evocations     | |  0.2

Action                   |  1- 3 |  4- 6 |  7- 9 || total
-------------------------+-------+-------+-------++-------
Melee: Long sword        |    78 |   239 |   421 ||   738
Invok: Sacrifice Arcana  |       |       |     1 ||     1
       Sacrifice an Eye  |       |       |     1 ||     1
 Abil: Hop               |       |       |     1 ||     1
Evoke: Wand              |       |       |     2 ||     2
  Use: Potion            |       |     3 |     5 ||     8
       Scroll            |       |       |     4 ||     4
  Eat: Chunk             |       |     8 |     6 ||    14
       Bread ration      |       |     2 |       ||     2
       Fruit             |       |       |     1 ||     1
Armor: Scale mail        |    36 |    37 |       ||    73
       Plate armour      |       |    63 |   233 ||   296
Dodge: Dodged            |    18 |    42 |    55 ||   115
Block: Shield            |    41 |   131 |   217 ||   389
       Rpst.: Long sword |     8 |    16 |    14 ||    38
